TKirby, neutral male human Wizard -------------- ---------- ----- |.............########-......*..# |...| ##-............| # |........|# |{..| # ----------.--- ##+........|# ##.....###### # ###----------# ----- # |...| # # #### # |...| ### |...| # ### # # |...| # |...| # # #I# # |..<-## ---.- # # # # |.{.| # # # ### ### |....############# # # # # |...| ### ## # ### ----- -|------|-----# # |............|# |{...........|# |.............# -------------- TKirby the Conjurer Experience level: 5 Strength: 8 Dexterity: 18 Constitution: 13 Intelligence: 18 Wisdom: 9 Charisma: 9 Health: 0(33) Energy: 50(50) Def: 1 Gold: 254 Moves: 2880 Dungeon seed: ggw0jDVok4TlEk-g Game ID: TKirby_1505498695 Your Inventory: Coins $ - 254 gold pieces Weapons a - a blessed +2 quarterstaff (weapon in hands) Armor e - an uncursed +0 cloak of magic resistance (being worn) Scrolls j - an uncursed scroll of identify k - an uncursed scroll of earth Spellbooks l - a blessed spellbook of force bolt m - an uncursed spellbook of healing Potions f - an uncursed potion of oil h - an uncursed potion of water u - an uncursed potion of restore ability x - a blessed potion of blindness z - an uncursed potion of gain energy B - an uncursed potion of gain level Rings c - an uncursed ring of polymorph control d - an uncursed +2 ring of increase damage (on left hand) Wands b - a wand of secret door detection (0:4) v - a wand of sleep (0:7) Tools n - a magic marker (0:23) o - an uncursed blindfold w - an uncursed towel Gems q - an uncursed topaz stone Spells and supernatural/magical abilities: Name Level Category Fail Memory a - force bolt 1 attack 0% 86% h - healing 1 healing 0% 86% W - pray for help -- divine ? -- Your skills at the end: Fighting Skills Weapon Skills quarterstaff [Basic] Spellcasting Skills attack spells [Basic] enchantment spells [Basic] Final Attributes: You were piously aligned. You were magic-protected. You were telepathic. You had a +2 damage bonus. You are dead. Vanquished creatures: a gnome lord an elf zombie a paper golem 2 floating eyes a kitten a homunculus a kobold lord 2 centipedes a giant bat a werejackal 2 iguanas an acid blob 2 coyotes 3 hobbits 2 hobgoblins a red mold 3 geckos 4 jackals 2 foxes 3 kobolds 2 bats 3 lichens a kobold zombie 3 newts 44 creatures vanquished. Voluntary challenges: You had followed a strict vegan diet until turn 1883. You had followed a strict vegetarian diet until turn 1883. You were an atheist. You used a wielded weapon 40 times, starting on turn 4. You read items or engraved 5 times, starting on turn 421. You never genocided any monsters. You never polymorphed an object. You never changed form. You used no wishes. You never split a pudding. You never wrote Elbereth's name. You never violated your personal moral code. Dungeon overview: The Dungeons of Doom: levels 1 to 5 Level 1 a fountain a long staircase Level 2 some sinks a long staircase Level 3 a general store Level 4 some fountains Level 5 <- You were here some fountains History has recorded: On T:1 you entered the Dungeons of Doom to retrieve the Amulet of Yendor! On T:435 you reached level 2 of The Dungeons of Doom. On T:746 you advanced to experience level 2. On T:1187 you reached level 3 of The Dungeons of Doom. On T:1189 you advanced to experience level 3. On T:1630 you reached level 4 of The Dungeons of Doom. On T:1704 you advanced to experience level 4. On T:2163 you advanced to experience level 5. On T:2449 you reached level 5 of The Dungeons of Doom. Score breakdown: Gold: 254 ( 8186 points) Experience: 5 levels (11141 points) Exploration: 5 levels ( 10.64%) ( 8846 points) Discoveries: 2 items ( 0.69%) ( 2500 points) Valuables value: (no points given unless you survive) Artifact value: 0 ( 0 points) Variety of kills: 24 monsters ( 6.30%) ( 7529 points) Turncount: 2880 turns ( -539 points) Survival: died (score multiplied by 80%) Total score: 30130 Latest messages: Something is written here in the dust. You read: "c?". The door opens. You hear water falling on coins. You see here 8 rocks. You hear someone counting money. The gecko bites! You stop exploring. The gecko bites! You kill the gecko! You are beginning to feel hungry. You stop exploring. Wizard needs food, badly! You stop exploring. The door resists! The door opens. You faint from lack of food. You come to. You faint from lack of food. You come to. You faint from lack of food. It hits! (6x) You die... Final status: Goodbye TKirby the Wizard, killed by a hobgoblin, while fainted from lack of food... You died in The Dungeons of Doom on dungeon level 5 with 30130 points, and 254 pieces of gold, after 2880 moves. You were level 5 with a maximum of 33 hit points when you died.